 Dungeon Crawl Stone Soup version 0.31.0-11-ge490571c62 (webtiles) character file.

Game seed: 14247810438045252384

231 azerty75 the Chopper (level 5, -1/47 HPs)
             Began as a Minotaur Fighter on Jan 26, 2024.
             Asphyxiated
             ... on level 4 of the Dungeon.
             The game lasted 00:25:52 (2725 turns).

azerty75 the Chopper (Minotaur Fighter)             Turns: 2725, Time: 00:25:53

Health: -1/47      AC: 30    Str: 23    XL:     5   Next: 73%
Magic:  4/4        EV:  6    Int:  5    God:
Gold:   163        SH:  4    Dex:  9    Spells: 3/4 levels left

rFire   + . .        a - +0 war axe
rCold   x . .        c - +0 buckler
rNeg    . . .        k - +16 plate armour of Gattafak {rElec}
rPois   .            (helmet restricted)
rElec   +            g - +0 cloak
rCorr   +            (no gloves)
SInv    .            u - +0 pair of boots
Will    .....        D - amulet of faith Stlth
                     p - ring of resist corrosion
HPRegen 0.27/turn    v - ring of fire
MPRegen 0.09/turn

%: faith
@: lethally poisoned (-1 -> -32), slowed, very slow
A: horns 2, retaliatory headbutt
a: no special abilities


You were on level 4 of the Dungeon.
You visited 1 branch of the dungeon, and saw 4 of its levels.

You collected 163 gold pieces.

Inventory:

Hand Weapons
 a - a +0 war axe (weapon)
Missiles
 f - 35 stones
 t - 3 boomerangs (quivered)
 z - 3 poisoned darts
Armour
 b - a +0 scale mail
 c - a +0 buckler (worn)
 g - a +0 cloak (worn)
 k - the +16 plate armour of Gattafak (worn) {rElec}
   (You found it on level 2 of the Dungeon)

   rElec:     It insulates you from electricity.
 u - a +0 pair of boots (worn)
Magical Staves
 n - a staff of fire
Jewellery
 p - a ring of resist corrosion (left hand)
 v - a ring of fire (right hand)
 y - a ring of protection from cold
 D - an amulet of faith (around neck)
Scrolls
 e - a scroll of fear {unknown}
 i - 2 scrolls of vulnerability {unknown}
 m - 4 scrolls of identify {unknown}
 o - a scroll of brand weapon {unknown}
 s - a scroll of enchant weapon {unknown}
 x - a scroll of torment {unknown}
 A - a scroll of teleportation {unknown}
 B - a scroll of immolation {unknown}
 C - a scroll of revelation {unknown}
Potions
 d - a potion of might
 h - 3 potions of haste {unknown}
 j - a potion of invisibility {unknown}
 l - 4 potions of heal wounds {unknown}
 q - a potion of berserk rage {unknown}
 r - a potion of ambrosia {unknown}
 w - 2 potions of curing {unknown}


   Skills:
 + Level 4.5 Fighting
 + Level 5.6 Axes
 + Level 4.9 Armour
 + Level 0.3 Dodging
 + Level 4.0 Shields


You had 3 spell levels left.
You knew the following spells:

 Your Spells              Type           Power      Damage    Failure   Level
a - Slow                  Hex            0%         N/A       100%        1

Your spell library contained the following spells:

 Spells                   Type           Power      Damage    Failure   Level
 Confusing Touch          Hex            0%         N/A       100%        3
 Sigil of Binding         Hex            0%         N/A       100%        3
 Vampiric Draining        Necr           0%         2d6       100%        3


Dungeon Overview and Level Annotations

Branches:
Dungeon (4/15)
 Temple: D:4-7

Altars:


Innate Abilities, Weirdness & Mutations

You have a pair of horns on your head.
You reflexively headbutt those who attack you in melee.


Message History

You hit the gnoll but do no damage. You block the gnoll's attack. x2
The gnoll barely misses you.
You hit the gnoll.
The gnoll is heavily wounded.
You slash the gnoll!
You kill the gnoll!
The gnoll hits you with a +0 whip.
You hit the gnoll but do no damage.
The gnoll is moderately wounded.
You slash the endoplasm!
You kill the endoplasm!
The gnoll hits you with a +0 whip. You block the orc's attack.
You hit the gnoll. You headbutt the gnoll.
You kill the gnoll!
You hit the orc. You block the orc's attack.
The gnoll hits you but does no damage.
You closely miss the gnoll. You hit the orc.
You kill the orc!
The gnoll hits you with a +0 flail.
You slash the gnoll!
You kill the gnoll!
You start resting.
A kobold brigand comes into view.
It is wielding a +0 short sword and quivering curare-tipped darts.
The kobold brigand shouts!
The kobold brigand throws a curare-tipped dart.
The curare-tipped dart hits you.
You are poisoned.
You have difficulty breathing.
You feel yourself slow down.
You feel very sick.
The kobold brigand throws a curare-tipped dart.
The curare-tipped dart hits you.
You are more poisoned.
You have difficulty breathing.
* * * LOW HITPOINT WARNING * * *
You feel as though you will be slow longer.
The kobold brigand throws a curare-tipped dart.
The curare-tipped dart hits you.
You are more poisoned.
You have difficulty breathing.
You die...

## ######## ..
#......#####K#.#..
#<..†..)@........#
#......)####.#..##
#......## #
##......#####.##
#.......g.gogJ..
#....###.g.....>
#....# ##.g.[...
###### .......
#######


You could see a kobold brigand.

Vanquished Creatures
  A gnoll bouda (D:4)
  An iguana (D:3)
  An orc wizard (D:4)
  5 gnolls (D:4)
  3 adders
  3 ribbon worms (D:2)
  A dart slug (D:3)
  4 orcs
  6 endoplasms
  2 giant cockroaches (D:1)
  4 goblins
  5 hobgoblins
  3 jackals (D:4)
  A quokka (D:2)
  8 ball pythons
  4 bats
  8 frilled lizards
  6 kobolds
  5 rats
71 creatures vanquished.

Notes
Turn   | Place    | Note
-------+----------+-------------------------------------------
     0 | D:1      | azerty75 the Minotaur Fighter began the quest for the Orb.
     0 | D:1      | Reached XP level 1. HP: 19/19 MP: 0/0
   144 | D:1      | You fall into a shaft and drop 1 floor!
   280 | D:1      | Reached XP level 2. HP: 19/27 MP: 1/1
   585 | D:1      | Learned a level 1 spell: Slow
   651 | D:1      | Reached skill level 3 in Axes
  1031 | D:2      | Identified the +16 plate armour of Gattafak {rElec}
  1189 | D:2      | Reached XP level 3. HP: 28/33 MP: 2/2
  2296 | D:3      | Reached XP level 4. HP: 40/40 MP: 3/3
  2531 | D:3      | Reached skill level 4 in Axes
  2673 | D:4      | Reached XP level 5. HP: 27/47 MP: 4/4
  2679 | D:4      | Reached skill level 5 in Axes
  2725 | D:4      | Asphyxiated

Illustrated notes

Levels and vault maps discovered:
D:1:      saegor_arrival_simple_e, layout_loops_ring
D:2:      minmay_angry_zag, layout_rooms, serial_co_window_serial,
          co_window_corner_a, co_window_paths_a, co_window_paths_b,
          co_window_corner_a, co_window_corner_a, co_window_corner_a,
          co_window_of_opportunity_a, co_window_cross_2, co_window_corner_b,
          co_window_broadway_b, co_window_broadway_c, co_window_corner_b,
          co_window_2corner, co_window_paths_e, glass_columns_b,
          glass_columns_c, glass_columns_a, glass_columns_c
D:3:      layout_rooms, minmay_fractal_squares_gapless_5
D:4:      dreamdust_elfheim, layout_rooms, gammafunk_temple_of_torment,
          minmay_increasing_density

Skill      XL: |  1  2  3  4  5 |
---------------+----------------+-----
Fighting       | 4 |  4.5
Armour         | 4 |  4.9
Axes           | 3 4 5 |  5.6
Shields        | 4 |  4.0
Dodging        | |  0.3

Action                     |  1- 3 |  4- 6 || total
---------------------------+-------+-------++-------
  Melee: War axe           |   108 |    70 ||   178
         Headbutt          |    11 |     5 ||    16
 Armour: Scale mail        |    18 |       ||    18
         Plate armour      |    51 |   126 ||   177
  Dodge: Dodged            |    41 |    32 ||    73
  Block: Buckler           |    23 |    36 ||    59
